 Dungeon Crawl Stone Soup version 0.28.0 (webtiles) character file.

Game seed: 8472199413131965777

226 SnakkuSnakku7 the Charlatan (level 5, -4/43 HPs)
             Began as a Palentonga Artificer on Feb 6, 2022.
             Was a Follower of the Shining One.
             Slain by an ogre (6 damage)
             ... on level 4 of the Dungeon.
             The game lasted 00:05:39 (3680 turns).

SnakkuSnakku7 the Charlatan (Palentonga Artificer)  Turns: 3680, Time: 00:05:39

Health: -4/43      AC:  5    Str: 17    XL:     5   Next: 69%
Magic:  5/5        EV: 16    Int: 12    God:    the Shining One [*.....]
Gold:   170        SH:  0    Dex: 10    Spells: 4/4 levels left

rFire   . . .      SeeInvis +   a - +2 quarterstaff (vorpal)
rCold   . . .      Faith    .   (shield currently unavailable)
rNeg    + . .      Spirit   .   f - +0 ring mail
rPois   .          Reflect  .   (no helmet)
rElec   .          Harm     .   (no cloak)
rCorr   .          Rampage  .   (no gloves)
Will    .....                   (no barding)
Stlth   +.........              (no amulet)
HPRegen 0.14/turn               r - ring "Mucwi" {rN+ EV+4}
MPRegen 0.09/turn               x - +4 ring of evasion

@: glowing
A: large, rugged brown scales 3, see invisible, deformed body, roll 1, armoured
tail
a: Rolling Charge, Renounce Religion, Divine Shield


You were on level 4 of the Dungeon.
You worshipped the Shining One.
The Shining One was aware of your devotion.
You visited 1 branch of the dungeon, and saw 4 of its levels.

You collected 170 gold pieces.

Inventory:

Hand Weapons
 a - a +2 vorpal quarterstaff (weapon)
 k - a +3 whip of holy wrath
 s - a +0 short sword
Missiles
 i - 3 javelins (quivered)
 m - 4 boomerangs of dispersal
 q - a throwing net
Armour
 b - a +0 leather armour
 f - a +0 ring mail (worn)
Jewellery
 r - the ring "Mucwi" (left hand) {rN+ EV+4}
   (You found it on level 3 of the Dungeon)

   [ring of evasion]

   EV:        It affects your evasion (+4).
   rN:        It protects you from negative energy.
 x - a +4 ring of evasion (right hand)
Wands
 c - a wand of flame (14)
 d - a wand of charming (15)
 u - a wand of paralysis (5)
Scrolls
 h - a scroll of silence {unknown}
 l - 3 scrolls of identify {unknown}
 o - 2 scrolls of noise {unknown}
 t - a scroll of immolation {unknown}
 v - 2 scrolls of blinking {unknown}
 y - a scroll of amnesia {unknown}
 z - a scroll of fear {unknown}
Potions
 g - 2 potions of heal wounds {unknown}
 j - 3 potions of curing {unknown}
 n - 2 potions of mutation {unknown}
 p - a potion of resistance {unknown}
 w - 2 potions of attraction {unknown}
Miscellaneous
 e - a piece from Xom's chessboard (15/15)


   Skills:
 + Level 3.3 Fighting
 - Level 0.4 Maces & Flails
 - Level 1.5 Armour
 - Level 0.7 Dodging
 - Level 0.5 Stealth
 - Level 5.0 Evocations


You had 4 spell levels left.
You didn't know any spells.
Your spell library contained the following spells:

 Spells                   Type           Power      Damage    Failure   Level
 Confusing Touch          Hex            0%         N/A       87%         3
 Summon Guardian Golem    Hex/Summ       0%         N/A       87%         3
 Yara's Violent Unravell  Hex/Tmut       0%         3d3       100%        5
 Enfeeble                 Hex            0%         N/A       100%        7
 Orb of Destruction       Conj           0%         9d5       100%        7
 Spellforged Servitor     Conj/Summ      0%         N/A       100%        7


Dungeon Overview and Level Annotations

Branches:
Dungeon (4/15)             Temple (0/1) D:4

Altars:
Cheibriados
The Shining One


Innate Abilities, Weirdness & Mutations

You are completely covered in rugged brown scales. (AC +3, +7% HP)
You have supernaturally acute eyesight. (SInv)
Armour fits poorly on your strangely shaped body.
You can roll at nearby foes to attack.
You have a long armoured tail.


Message History

The hound is severely wounded.
The hound misses you. The hound bites you.
You barely miss the hound.
The hound is severely wounded.
The hound bites you but does no damage. The hound barely misses you.
You barely miss the hound.
The hound is severely wounded.
The hound bites you but does no damage. The hound bites you.
You hit the hound.
You kill the hound!
Your Fighting skill increases to level 3!
A ball python comes into view.
Found 3 gold pieces.
The ball python hisses angrily.
The ball python closely misses you.
A ball python is nearby!
You sock the ball python!
You kill the ball python!
You see here a ball python corpse.
You now have 170 gold pieces (gained 3).
Found a robe.
w - 2 fizzy pink potions (gained 1)
You see here a ball python corpse.
You open the door.
Key pressed, stopping explore.
You open the door.
An endoplasm comes into view.
Search for what [Enter for "staff", or ? for help]? weapon Unknown command.
An ogre comes into view. It is wielding a +0 giant club.
Found a cloak.
There is an open door here.
The ogre hits you with a +0 giant club!
You thump the endoplasm!
You kill the endoplasm!
The ogre hits you with a +0 giant club!!
Ouch! That really hurt!
* * * LOW HITPOINT WARNING * * *
The ogre hits you with a +0 giant club.
You die...

#### ####.# #... ######
#..... ##...####
#....###...^. #.......#
#.##.#....... #.......#
#.##.#.##.... ##.......#
#.#.......... #........#
#.#.....#.... #[.....@.#
#.#.....#.... #.....O..#
#.#.......##.
..#####'####.#...#.#....
#.#........#.##...
#.#.##...###..+...
#####...##.>.######...
#.....####.....# #...
#.....# #####.#######
#.....# #####.......##


You could see an ogre.

Vanquished Creatures
  3 hounds
  A bullfrog skeleton (D:4)
  2 orc wizards
  2 dart slugs
  6 orcs
  A bat (D:1)
  4 endoplasms
  2 giant cockroaches
  A goblin (D:2)
  5 hobgoblins
  2 quokkas
  5 ball pythons
  7 frilled lizards
  A jackal skeleton (D:4)
  7 kobolds
  2 rats (D:1)
51 creatures vanquished.

Vanquished Creatures (others)
  3 plants
3 creatures vanquished.

Grand Total: 54 creatures vanquished

Notes
Turn   | Place    | Note
-------+----------+-------------------------------------------
     0 | D:1      | SnakkuSnakku7 the Palentonga Artificer began the quest for
                  | the Orb.
     0 | D:1      | Reached XP level 1. HP: 16/16 MP: 1/1
   165 | D:1      | Reached skill level 3 in Evocations
   421 | D:1      | Reached XP level 2. HP: 21/22 MP: 2/2
  1007 | D:1      | Found a faded altar of an unknown god.
  1034 | D:1      | Prayed at the altar of an unknown god.
  1034 | D:1      | Became a worshipper of the Shining One
  1034 | D:1      | Reached * piety under the Shining One
  1813 | D:2      | Reached XP level 3. HP: 27/27 MP: 3/3
  2293 | D:3      | Identified the ring "Mucwi" {rN+ EV+4}
  2388 | D:3      | Reached skill level 4 in Evocations
  2686 | D:3      | Reached XP level 4. HP: 29/34 MP: 4/4
  3373 | D:4      | Reached skill level 5 in Evocations
  3471 | D:4      | Found a snail-covered altar of Cheibriados.
  3478 | D:4      | Found a staircase to the Ecumenical Temple.
  3493 | D:4      | Reached XP level 5. HP: 40/40 MP: 5/5
  3677 | D:4      | Noticed an ogre
  3679 | D:4      | HP: 2/43 [ogre (27)]
  3680 | D:4      | Slain by an ogre

Illustrated notes

Levels and vault maps discovered:
D:1:      minmay_arrival_solitary_statue, layout_basic,
          ebering_ecumenical_altar_webs
D:2:      layout_loops_ring, serial_co_window_serial, co_window_paths_b,
          co_window_corner_a, co_window_paths_b, co_window_corner_a,
          co_window_corner_a, co_window_corner_a, co_window_corner_cb,
          co_window_unsneaky_path_b, co_window_cross_2, co_window_broadway_c,
          co_window_4corner_b, glass_columns_a, glass_columns_a,
          guppyfry_early_lair_pool
D:3:      wad_lake_hut, layout_loops_ring
D:4:      layout_basic, kennysheep_slug_shrine, minmay_temple_entry_butterflies,
          minmay_misc_feat_doors

Skill      XL: |  1  2  3  4  5 |
---------------+----------------+-----
Evocations     | 3 4 5 |  5.0
Fighting       | 3 |  3.3
Maces & Flails | |  0.4
Armour         | |  1.5
Dodging        | |  0.7
Stealth        | |  0.5

Action                   |  1- 3 |  4- 6 || total
-------------------------+-------+-------++-------
Melee: Club              |    48 |       ||    48
       Tailslap          |     7 |     3 ||    10
       Punch             |     1 |       ||     1
       Short sword       |    30 |       ||    30
       Whip              |    22 |       ||    22
       Quarterstaff      |    13 |    32 ||    45
Throw: Javelin           |     2 |       ||     2
Evoke: Wand              |     1 |       ||     1
Armor: Leather armour    |     6 |       ||     6
       Ring mail         |    31 |     6 ||    37
Dodge: Dodged            |    47 |    24 ||    71
